 Dungeon Crawl Stone Soup version 0.28.0-45-g0d030f2227 (webtiles) character file.

Game seed: 14987836999200914744

30 zeratav the Insei (level 3, -7/23 HPs)
             Began as an Octopode Transmuter on Apr 8, 2022.
             Mangled by a gnoll
             ... wielding a +0 halberd
              (16 damage)
             ... on level 2 of the Dungeon.
             The game lasted 00:01:47 (1518 turns).

zeratav the Insei (Octopode Transmuter)             Turns: 1518, Time: 00:01:48

Health: -7/23      AC:  1    Str:  9    XL:     3   Next: 18%
Magic:  6/6        EV: 13    Int: 15    God:
Gold:   45         SH:  0    Dex: 14    Spells: 5/6 levels left

rFire   . . .      SeeInvis .     - Unarmed
rCold   . . .      Faith    .   (no shield)
rNeg    . . .      Spirit   .   (helmet restricted)
rPois   .          Reflect  .   (no amulet)
rElec   .          Harm     .   (no ring)
rCorr   .          Rampage  .   (no ring)
Will    .....                   (no ring)
Stlth   +++.......              (no ring)
HPRegen 0.07/turn               (no ring)
MPRegen 0.10/turn               (no ring)
                                (no ring)
                                (no ring)

@: no status effects
A: almost no armour, amphibious, 8 rings, camouflage 1, gelatinous body 1,
(nimble swimmer 1), tentacles
a: no special abilities


You were on level 2 of the Dungeon.
You visited 1 branch of the dungeon, and saw 2 of its levels.

You collected 45 gold pieces.


Innate Abilities, Weirdness & Mutations

You cannot wear most types of armour.
You are amphibious.
You can wear up to eight rings at the same time.
Your skin changes colour to match your surroundings (Stealth+).
Your rubbery body absorbs attacks. (AC +1, EV +1)
((You are camouflaged when in or above water. (Stealth+)))
You have tentacles for arms and can constrict up to eight enemies at once.


   Skills:
 + Level 1.5 Fighting
 + Level 2.3 Dodging
 + Level 1.5 Stealth
 * Level 3.5 Unarmed Combat
 - Level 2.0 Spellcasting
 - Level 2.0 Transmutations


You had 5 spell levels left.
You knew the following spells:

 Your Spells              Type           Power      Damage    Failure   Level
a - Beastly Appendage     Tmut           14%        N/A       10%         1

Your spell library contained the following spells:

 Spells                   Type           Power      Damage    Failure   Level
 Wereblood                Tmut           7%         N/A       14%         2
 Spider Form              Tmut/Pois      4%         N/A       41%         3
 Ice Form                 Ice/Tmut       4%         N/A       82%         4

Inventory:

Scrolls
 a - 2 scrolls of identify {unknown}
 b - 2 scrolls of teleportation {unknown}

Dungeon Overview and Level Annotations

Branches:
Dungeon (2/15)

Altars:

Annotations:
D:2 Jessica, Natasha

#.###
#...#
###.#
#.#
#.##
#..#
##.##
#.g#
##@#
#.#
#.#
#.#
#.#
#.#
...
$..
..(


You could see a gnoll.


Message History

Jessica hits you with a +3 dagger of venom.
You are poisoned.
The bat hits you.
The bat moves out of view.
HP[-5]
You take 5 damage, and now have 13/18 hp.
MASSIVE DAMAGE!! (PAUSE)
You feel very sick. The bat barely misses you.
There is a stone staircase leading up here.
HP[-2]
You take 2 damage, and now have 11/18 hp.
* * * LOW HITPOINT WARNING * * *
You feel sick. The bat barely misses you.
You climb upwards.
Your transformation is almost over.
* * * LOW HITPOINT WARNING * * *
You feel sick.
There is a stone staircase leading down here.
HP[-4]
You take 4 damage, and now have 7/18 hp.
MASSIVE DAMAGE!! (PAUSE)
You start resting.
You feel sick. x5
You are no longer poisoned.
HP[-5] MP[+1]
You take 5 damage, and now have 2/18 hp.
MASSIVE DAMAGE!! (PAUSE)
Your mp is fully restored (5).
You start resting.
Your tentacle spike disappears.
HP[+16]
Your hp is fully restored (18).
There is a stone staircase leading down here.
You climb downwards.
Level annotation: Jessica, Natasha
There is a stone staircase leading up here.
The helpless endoplasm fails to defend itself.
You tentacle-slap the endoplasm.
You kill the endoplasm!
You now have 45 gold pieces (gained 9).
Found a stone staircase leading down.
A gnoll comes into view. It is wielding a +0 whip.
A gnoll comes into view. It is wielding a +0 club.
One of your tentacles grows a vicious spike.
MP[-1]
You lost 1 mp, and now have 4/5 mp.
Your transformation is almost over.
You tentacle-slap the gnoll. Your grab misses the gnoll. You squeeze the gnoll!
The gnoll hits you with a +0 whip.
HP[-4]
You take 4 damage, and now have 14/18 hp.
MASSIVE DAMAGE!! (PAUSE)
You tentacle-slap the gnoll but do no damage.
You grab the gnoll.
You pierce the gnoll.
You constrict the gnoll.
You kill the gnoll!
You have reached level 3!
Your experience leads to an increase in your attributes!
Increase (S)trength, (I)ntelligence, or (D)exterity?
You feel agile. x2
HP[+5]
You now have 23 max hp (+5).
You regained 5 hp, and now have 19/23 hp.
You start resting.
Your tentacle spike disappears.
MP[+2]
Your mp is fully restored (6).
You start resting.
HP[+4]
Your hp is fully restored (23).
Things that are here:
a +0 whip {mace}; a gnoll corpse One of your tentacles grows a vicious spike.
MP[-1]
You lost 1 mp, and now have 5/6 mp. 2 gnolls come into view.
Found a stone staircase leading up.
Your transformation is almost over.
MP[+1]
Your mp is fully restored (6).
The gnoll shouts! x2
Your tentacle spike disappears.
Things that are here:
a +0 whip {mace}; a gnoll corpse
There is a stone staircase leading up here.
There is a stone staircase leading up here.
The gnoll misses you.
There is a stone staircase leading up here.
You closely miss the gnoll. Your grab misses the gnoll.
Your squeeze misses the gnoll. The gnoll hits you with a +0 halberd!
Ouch! That really hurt!
* * * LOW HITPOINT WARNING * * *
HP[-14]
You take 14 damage, and now have 9/23 hp.
MASSIVE DAMAGE!! (PAUSE)
You tentacle-slap the gnoll. You grab the gnoll.
You constrict the gnoll, but do no damage.
The gnoll barely misses you.
You tentacle-slap the gnoll. You constrict the gnoll.
The gnoll hits you with a +0 halberd!
Ouch! That really hurt!
You die...

Skill      XL: |  1  2 |
---------------+-------+-----
Stealth        | 1 |  1.5
Fighting       | |  1.5
Dodging        | |  2.3
Unarmed Combat | |  3.5
Spellcasting   | |  2.0
Transmutations | |  2.0

Action                   || total
-------------------------++-------
Melee: Unarmed           ||    38
       Constrict         ||    12
       Kick              ||     7
       Tentacles         ||     5
       Punch             ||     3
 Cast: Beastly Appendage ||    11
 Stab: Sleeping          ||     7
Armor: Skin              ||     1
Dodge: Dodged            ||    17

Levels and vault maps discovered:
D:1:      kennysheep_arrival_forest, layout_loops_ring,
          hellmonk_ecumenical_altar_heavens_door
D:2:      layout_rooms, uniq_jessica, uniq_natasha

Notes
Turn   | Place    | Note
-------+----------+-------------------------------------------
     0 | D:1      | zeratav the Octopode Transmuter began the quest for the
                  | Orb.
     0 | D:1      | Reached XP level 1. HP: 13/13 MP: 3/3
     0 | D:1      | magus.rc [v1.9.6]
   297 | D:1      | Reached XP level 2. HP: 18/18 MP: 3/5
   378 | D:1      | Found a faded altar of an unknown god.
   418 | D:1      | Reached skill level 1 in Stealth
  1037 | D:2      | Noticed Jessica
  1042 | D:2      | Noticed Natasha
  1044 | D:2      | Noticed a crimson imp
  1050 | D:1      | HP: 4/18 [poisoned by Jessica]
  1394 | D:2      | Reached XP level 3. HP: 19/23 MP: 4/6
  1518 | D:2      | Mangled by a gnoll

Vanquished Creatures
  A gnoll (D:2)
  A dart slug (D:1)
  3 endoplasms
  2 giant cockroaches
  3 hobgoblins (D:1)
  A bat (D:1)
  A frilled lizard (D:1)
  2 goblins (D:1)
  3 kobolds (D:1)
  A rat (D:1)
18 creatures vanquished.

Table legend:
 A = Non-vault XP
 B = Vault XP
 C = Vault XP percentage of total XP
 D = Non-vault monster count
 E = Vault monster count
 F = Vault count percentage of total count
                 A         B        C        D         E       F
            +---------+---------+-------+---------+---------+-------
      Total |      43 |       0 |   0.0 |      18 |       0 |   0.0
            +---------+---------+-------+---------+---------+-------
        D:1 |      23 |       0 |   0.0 |      14 |       0 |   0.0
        D:2 |      20 |       0 |   0.0 |       4 |       0 |   0.0
            +---------+---------+-------+---------+---------+-------

Illustrated notes

Table legend:
 A = Kills in this place as a percentage of kills in entire the game.
 B = Kills by you in this place as a percentage of kills by you in the entire game.
 C = Kills by friends in this place as a percentage of kills by friends in the entire game.
 D = Other kills in this place as a percentage of other kills in the entire game.
 E = Experience gained in this place as a percentage of experience gained in the entire game.
 F = Experience gained in this place divided by the number of levels of this place that you have seen.
                   A       B       C       D       E      F
               +-------+-------+-------+-------+-------+----------------------
         Total | 100.0 | 100.0 |   N/A |   N/A | 100.0 |  21.5
       Dungeon | 100.0 | 100.0 |   N/A |   N/A | 100.0 |  21.5
               +-------+-------+-------+-------+-------+----------------------

Table legend: (Time is in decaauts)
 A = Elapsed time spent in this place.
 B = Non-inter-level travel time spent in this place.
 C = Inter-level travel time spent in this place.
 D = Time resting spent in this place.
 E = Time spent auto-exploring this place.
 F = Levels seen in this place.
 G = Mean time per level.
                   A        B        C        D        E       F      G
               +--------+--------+--------+--------+--------+-----+--------+
         Total |   1516 |   1499 |     17 |    319 |    928 |   2 |  758.0 |
       Dungeon |   1516 |   1499 |     17 |    319 |    928 |   2 |  758.0 |
               +--------+--------+--------+--------+--------+-----+--------+

Top non-repeatable levels by time:
     D:1: 1310 daAuts
     D:2: 206 daAuts
